 Dungeon Crawl Stone Soup version 0.22-a0-617-g6d95e9e505 (webtiles) character file.

56 Faustar the Conjurer (level 3, -1/21 HPs)
             Began as an Octopode Wizard on July 12, 2018.
             Slain by an orc
             ... wielding a +0 dagger of draining
              (2 damage)
             ... on level 3 of the Dungeon.
             The game lasted 00:06:16 (2950 turns).

Faustar the Conjurer (Octopode Wizard)              Turns: 2950, Time: 00:06:16

Health: -1/21      AC:  1    Str:  6    XL:     3   Next: 97%
Magic:  0/7        EV: 12    Int: 21    God:
Gold:   86         SH:  0    Dex: 10    Spells: 0/8 levels left

rFire    . . .     SeeInvis .   n - -1 dagger (curse)
rCold    . . .     Gourm    .   (no shield)
rNeg     . . .     Faith    .   a - +0 hat
rPois    .         Spirit   .   (no amulet)
rElec    .         Reflect  .   (no ring)
rCorr    .         Harm     .   (no ring)
MR       .....                  (no ring)
Stlth    ++........             (no ring)
HPRegen  0.07/turn              (no ring)
MPRegen  0.10/turn              (no ring)
                                (no ring)
                                (no ring)

@: very slightly contaminated, heavily drained
A: almost no armour, stealthy swim, amphibious, 8 rings, constrict 8, camouflage
1, gelatinous body 1
a: no special abilities


You were on level 3 of the Dungeon.
You were not hungry.

You visited 1 branch of the dungeon, and saw 3 of its levels.

You collected 86 gold pieces.

Inventory:

Hand Weapons
 g - a +0 short sword
 m - a +0 rapier
 n - a cursed -1 dagger (weapon)
Armour
 a - a +0 hat (worn)
Scrolls
 b - 2 scrolls of identify {unknown}
 d - 2 scrolls of remove curse {unknown}
 e - a scroll of enchant armour {unknown}
 f - 2 scrolls of teleportation {unknown}
 i - a scroll of fear {unknown}
 l - a scroll of fog {unknown}
 q - a scroll of immolation {unknown}
Potions
 h - a potion of brilliance {unknown}
 j - a potion of lignification {unknown}
 k - 2 potions of curing {unknown}
 o - a potion of haste {unknown}
 p - 2 potions of heal wounds {unknown}
Comestibles
 c - 2 rations


   Skills:
 - Level 2.0(0.0) Dodging
 - Level 2.6(0.5) Stealth
 - Level 3.0(0.8) Spellcasting
 + Level 3.4(1.2) Conjurations
 - Level 1.0(0.0) Summonings
 + Level 1.1(0.0) Translocations
 * Level 0.6(0.0) Air Magic
 + Level 0.5(0.0) Poison Magic


You couldn't memorise any spells.
You knew the following spells:

 Your Spells              Type           Power        Failure   Level  Hunger
a - Magic Dart            Conj           #...         10%         1    ##.....
b - Call Imp              Summ           #.......     26%         2    ###....
c - Blink                 Tloc           N/A          26%         2    ###....
d - Mephitic Cloud        Conj/Pois/Air  #.......     38%         3    ####...

Your spell library contained the following spells:

 Spells                   Type           Power        Failure   Level  Hunger
 Conjure Flame            Conj/Fire      #.......     36%         3    ####...
 Slow                     Hex            #.......     26%         2    ###....


Dungeon Overview and Level Annotations

Branches:
Dungeon (3/15)

Altars:
Okawaru
Uskayaw
The Shining One


Innate Abilities, Weirdness & Mutations

You cannot wear most types of armour.
You are very stealthy in the water. (Stealth+)
You are amphibious.
You can wear up to eight rings at the same time.
You can use your tentacles to constrict eight enemies at once.
Your skin changes colour to match your surroundings (Stealth+).
Your rubbery body absorbs attacks. (AC +1, EV +1)


Message History

The orc wizard escapes!
You hit the orc but do no damage.
The orc is heavily wounded.
You constrict the orc, but do no damage.
You constrict the rat.
You kill the rat!
The orc hits you with a dagger of draining.
* * * LOW HITPOINT WARNING * * *
You feel drained.
* * * LOW HITPOINT WARNING * * *
You hit the orc but do no damage. You squeeze the orc.
The orc is severely wounded.
You constrict the orc, but do no damage.
The orc closely misses you.
The orc shouts!
You hit the orc but do no damage.
The orc is severely wounded.
You constrict the orc, but do no damage.
The orc hits you with a dagger of draining.
You die...

##### #...#
####...##### #
#..........#
#.##..o..@...(#####
#.#.......o<.......
.............#####
#...#.>.###.#
#######.##...# .#
o......#..%.o# #
##.##..........
#######.###.###(.###
........# #.###..##


You could see an orc wizard (confused) and 2 orcs.

Vanquished Creatures
  An adder (D:2)
  2 worms (D:2)
  A dart slug (D:1)
  A leopard gecko (D:1)
  5 bats
  6 giant cockroaches
  2 goblins
  A hobgoblin (D:1)
  8 kobolds
  A quokka (D:1)
  8 rats
36 creatures vanquished.

Notes
Turn   | Place    | Note
-------+----------+-------------------------------------------
     0 | D:1      | Faustar the Octopode Wizard began the quest for the Orb.
     0 | D:1      | Reached XP level 1. HP: 11/11 MP: 4/4
   327 | D:1      | Reached XP level 2. HP: 15/17 MP: 1/6
  1146 | D:1      | Reached XP level 3. HP: 6/21 MP: 1/7
  1685 | D:2      | Learned a level 2 spell: Call Imp
  1688 | D:2      | Learned a level 2 spell: Blink
  1692 | D:2      | Learned a level 3 spell: Mephitic Cloud
  1840 | D:2      | Noticed a phantom
  2616 | D:2      | Found an iron altar of Okawaru.
  2619 | D:2      | Found a hide-covered altar of Uskayaw.
  2622 | D:2      | Found a glowing golden altar of the Shining One.
  2948 | D:3      | HP: 1/21 [orc/dagger of draining (1)]
  2950 | D:3      | Slain by an orc

Vault maps used:
D:1:      sevenhm_arrival_forest_fort_small_3
D:2:      grunt_temple_overflow_diamond, first_ration

Skill      XL: |  1  2  3 |
---------------+----------+-----
Conjurations   | 2 3 |  3.4
Dodging        | |  2.0
Stealth        | |  2.6
Spellcasting   | |  3.0
Summonings     | |  1.0
Translocations | |  1.1
Air Magic      | |  0.6
Poison Magic   | |  0.5

Action                   || total
-------------------------++-------
Melee: Unarmed           ||     9
       Tentacles         ||    10
       Constrict         ||    12
       Short sword       ||    14
       Dagger            ||    25
 Cast: Magic Dart        ||    81
       Mephitic Cloud    ||     3
       Call Imp          ||     3
       Blink             ||     1
  Eat: Chunk             ||     4
       Ration            ||     1
Armor: Skin              ||    12
Dodge: Dodged            ||    51

Table legend:
 A = Spawn XP
 B = Non-spawn XP
 C = Spawn XP percentage of total XP
 D = Spawn monster count
 E = Non-spawn monster count
 F = Spawn count percentage of total count
 G = Total turns spent on level
                    A         B        C        D         E        F      G
               +---------+---------+-------+---------+---------+-------+---------
         Total |       0 |      81 |   0.0 |       0 |      36 |   0.0 |  2950
               +---------+---------+-------+---------+---------+-------+---------
           D:1 |       0 |      36 |   0.0 |       0 |      19 |   0.0 |  1766
           D:2 |       0 |      44 |   0.0 |       0 |      16 |   0.0 |  1140
           D:3 |       0 |       1 |   0.0 |       0 |       1 |   0.0 |    44
               +---------+---------+-------+---------+---------+-------+---------
